Map: Abyssal Reef LE

Players

Ascarecrow - Winner!

  • Race: Zerg Zerg
  • League: Master
  • Spawn Location: 5:00

FuelY

  • Race: Terran Terran
  • Spawn Location: 11:00

VOD

Have the link to the VOD?

Description

Time

  • Played on: Aug. 18, 2017, 8:10 a.m.
  • Length: 18:16
Show
View Real Time Build Order
Export as new Build Order

Ascarecrow Zerg - Winner!

Build Orders: Pool First, Ravager All-In 

Get SALT Encoding   

  12  0:01  Drone  
  13  0:13  Overlord  
  13  0:18  Drone  
  14  0:32  Drone x2  
  16  0:35  Drone  
  16  0:42  Extractor  
  16  0:46  Drone  
  17  0:51  Spawning Pool  
  17  0:56  Drone  
  17  1:11  Drone  
  18  1:26  Hatchery  
  18  1:28  Drone  
  18  1:29  Drone  
  19  1:38  Queen  
  21  1:45  Overlord  
  21  1:52  Zergling x2  
  22  1:55  Metabolic Boost  
  22  2:08  Drone  
  22  2:14  Queen  
  25  2:15  Drone  
  26  2:34  Drone x2  
  28  2:39  Queen  
  28  2:42  Drone  
  28  2:44  Drone  
  32  2:59  Hatchery  
  32  3:00  Drone x2  
  32  3:04  Drone x2  
  35  3:06  Drone  
  35  3:11  Overlord  
  36  3:23  Roach Warren  
  35  3:27  Drone x2  
  35  3:30  Drone x2  
  39  3:34  Drone x3  
  39  3:35  Drone  
  39  3:40  Extractor  
  41  3:41  Extractor  
  41  3:46  Overlord  
  40  3:49  Drone x3  
  40  3:50  Drone  
  44  4:01  Overlord  
  44  4:04  Drone x5  
  49  4:17  Overlord x2  
  49  4:18  Overlord  
  49  4:21  Roach x3  
  55  4:25  Roach  
  55  4:26  Roach  
  55  4:28  Roach  
  61  4:32  Roach  
  61  4:35  Roach  
  66  4:38  Zergling x2  
  66  4:48  Zergling x12  
  72  4:55  Zergling x6  
  72  4:57  Ravager x5  
  72  4:59  Overlord x2  
  80  5:01  Zergling x2  
  81  5:11  Zergling x2  
  81  5:12  Zergling x8  
  86  5:25  Drone  
  86  5:26  Drone x7  
  94  5:32  Evolution Chamber, Drone  
  94  5:33  Evolution Chamber, Drone  
  94  5:34  Drone  
  95  5:38  Spore Crawler  
  95  5:39  Overlord x2  
  87  5:52  Drone  
  87  5:53  Drone x7  
  95  6:06  Queen  
  95  6:07  Queen  
  95  6:09  Zerg Melee Weapons Level 1, Zerg Ground Armor Level 1  
  95  6:11  Lair  
  99  6:12  Overlord  
  99  6:20  Extractor x2, Drone x7  
  99  6:22  Drone  
  99  6:23  Drone  
  99  6:25  Drone x2  
  108  6:26  Drone  
  108  6:30  Spore Crawler  
  108  6:42  Queen  
  108  6:45  Queen  
  107  6:49  Roach  
  107  6:50  Roach x8  
  124  6:55  Overlord x2  
  124  7:09  Extractor  
  124  7:13  Roach x2  
  124  7:14  Roach x5  
  124  7:15  Baneling Nest  
  136  7:26  Hatchery  
  135  7:30  Roach  
  135  7:31  Roach x4  
  133  7:47  Drone x7  
  133  7:48  Drone x2  
  140  7:52  Glial Reconstitution  
  131  8:00  Drone  
  131  8:01  Drone x3  
  133  8:17  Drone  
  133  8:18  Drone x3  
  135  8:24  Queen x2  
  135  8:25  Queen  
  141  8:34  Centrifical Hooks  
  141  8:35  Zerg Melee Weapons Level 2, Zerg Ground Armor Level 2  
  141  8:39  Hatchery  
  140  8:41  Zergling x2  
  140  8:42  Zergling x10  
  140  8:44  Overlord x4  
  145  9:02  Queen  
  145  9:06  Hatchery  
  145  9:08  Zergling x16  
  154  9:22  Zergling x2  
  154  9:23  Zergling x4  
  157  9:27  Baneling  
  157  9:28  Baneling x16  
  157  9:33  Zergling x12  
  157  9:37  Overseer  
  163  9:41  Overlord x3  
  163  9:46  Zergling x10  
  163  9:48  Infestation Pit  
  163  9:50  Spine Crawler  
  163  9:52  Spore Crawler, Spine Crawler  
  164  9:53  Queen  
  163  10:06  Zergling x2  
  169  10:07  Zergling x18  
  169  10:08  Baneling  
  169  10:09  Baneling x11  
  172  10:17  Zergling x2  
  172  10:18  Zergling x14  
  172  10:20  Ravager x11  
  185  10:23  Zergling x4  
  185  10:24  Zergling x2  
  188  10:36  Zergling x2  
  188  10:37  Zergling x18  
  181  10:48  Zergling x10  
  158  10:55  Baneling x3  
  158  10:56  Baneling x11  
  147  11:03  Hive  
  147  11:04  Zergling x10  
  147  11:07  Drone x2  
  147  11:08  Drone  
  154  11:13  Drone  
  154  11:14  Drone x3  
  154  11:17  Baneling x4  
  154  11:18  Baneling  
  158  11:19  Drone  
  158  11:23  Drone x3  
  145  11:46  Zergling x2  
  136  11:47  Zergling x38  
  142  12:09  Zergling x24  
  142  12:10  Zergling x4  
  142  12:13  Hatchery, Baneling x3  
  142  12:14  Baneling x6  
  142  12:15  Baneling x2  
  155  12:16  Baneling  
  155  12:23  Ultralisk Cavern  
  155  12:29  Overseer x2  
  144  12:32  Zergling x18  
  144  12:33  Zergling x2  
  150  12:41  Zergling x2  
  150  12:42  Zergling x14  
  152  12:44  Baneling  
  152  12:45  Baneling x5  
  143  13:04  Zergling x6  
  143  13:05  Zergling x30  
  151  13:09  Chitinous Plating  
  151  13:25  Zerg Ground Armor Level 3  
  151  13:27  Baneling  
  151  13:28  Baneling x12  
  132  13:57  Ultralisk  
  132  14:00  Ultralisk x4  
  151  14:14  Ultralisk x2  
  163  14:23  Ultralisk  
  163  14:27  Ultralisk  
  169  14:32  Baneling x6  
  169  14:36  Ravager  
  169  14:37  Zergling x2  
  169  14:38  Zergling x14  
  144  14:56  Zergling x22  
  144  14:57  Zergling x14  
  134  15:14  Zergling x4  
  134  15:15  Zergling x28  
  144  15:25  Pathogen Glands  
  142  15:44  Extractor  
  142  15:45  Extractor  
  140  15:54  Extractor, Burrow  
  140  15:55  Extractor  
  144  15:57  Ultralisk x4  
  144  16:00  Infestor x4  
  144  16:03  Zergling x2  
  144  16:04  Zergling x10  
  176  16:15  Baneling  
  176  16:16  Baneling x7  
  176  16:25  Zergling x2  
  177  16:26  Zergling x28  
  190  16:34  Baneling x2  
  190  16:35  Baneling x2  
  190  16:36  Zergling x8  
  190  16:37  Zergling x4  
  167  16:56  Ultralisk x2  
  167  17:01  Zergling x2  
  167  17:02  Zergling x14  
  171  17:17  Spire  
  170  17:24  Drone x4  
  170  17:25  Drone  
  175  17:37  Zergling x2  
  175  17:38  Zergling x18  
  175  17:43  Hatchery  
  184  17:48  Baneling  
  184  17:49  Baneling x4  
Show
View Real Time Build Order
Export as new Build Order

FuelY Terran 

Build Orders: Reaper Expand, MMM Bio 

Get SALT Encoding   

  12  0:00  SCV  
  13  0:13  SCV  
  14  0:17  Supply Depot  
  14  0:25  SCV  
  15  0:38  SCV  
  15  0:40  Barracks  
  16  0:44  Refinery  
  16  0:50  SCV  
  17  1:03  SCV  
  18  1:15  SCV  
  19  1:28  Reaper, Orbital Command  
  20  1:43  Command Center  
  20  1:52  Barracks  
  20  1:55  SCV  
  20  2:00  Barracks Reactor  
  21  2:04  Supply Depot  
  21  2:09  SCV  
  21  2:14  Refinery  
  22  2:21  SCV  
  23  2:33  SCV  
  23  2:37  Marine x2  
  24  2:39  Barracks Tech Lab  
  24  2:43  Factory  
  26  2:45  SCV  
  27  2:54  Marine, Orbital Command  
  27  2:55  Marine  
  29  2:59  Stimpack  
  29  3:01  Marine  
  30  3:08  SCV  
  30  3:12  Marine x2  
  33  3:20  SCV x2  
  33  3:26  Supply Depot  
  35  3:31  Starport  
  35  3:32  SCV, Factory Reactor  
  36  3:34  Marine  
  36  3:36  SCV  
  36  3:38  Marine  
  36  3:41  Marine  
  40  3:45  SCV  
  41  3:48  SCV  
  41  3:52  Marine  
  41  3:54  Supply Depot  
  43  3:56  Marine  
  43  3:57  SCV  
  43  4:00  SCV  
  46  4:03  Marine  
  46  4:09  SCV  
  48  4:10  Marine  
  48  4:16  Medivac x2  
  53  4:17  Marine  
  53  4:18  SCV, Factory Reactor  
  53  4:21  Marine, SCV  
  53  4:23  Supply Depot  
  57  4:30  Engineering Bay, SCV  
  58  4:32  Engineering Bay  
  58  4:33  Marine  
  58  4:35  Marine  
  60  4:39  SCV  
  60  4:43  Supply Depot  
  61  4:48  Marine  
  61  4:51  Marine  
  63  4:57  Widow Mine x2  
  63  4:59  Combat Shields, Terran Infantry Weapons Level 1  
  67  5:00  SCV x2  
  67  5:03  Refinery  
  67  5:05  Marine, Refinery  
  70  5:11  Terran Infantry Armor Level 1  
  70  5:12  SCV  
  71  5:16  Supply Depot  
  71  5:25  Marine  
  71  5:26  Marine  
  71  5:27  Widow Mine x2  
  76  5:30  Barracks  
  76  5:33  Barracks  
  76  5:36  Marine  
  76  5:37  Medivac  
  79  5:43  Marine  
  74  5:50  Marine  
  74  5:52  SCV x2  
  74  5:54  Marine, Armory  
  78  6:01  Marine  
  79  6:04  SCV x2  
  79  6:08  Marine  
  79  6:09  Factory Tech Lab, Medivac  
  84  6:18  Concussive Shells  
  84  6:20  SCV x2  
  84  6:22  Barracks Tech Lab  
  86  6:26  Command Center, Supply Depot x2  
  86  6:29  Siege Tank  
  88  6:50  Marine x3  
  91  6:58  Marine x2  
  91  7:00  Terran Infantry Weapons Level 2  
  93  7:01  Siege Tank  
  96  7:08  Terran Infantry Armor Level 2  
  96  7:14  Barracks  
  96  7:16  Barracks  
  96  7:18  Barracks  
  85  7:53  Marine x4  
  85  7:54  Marauder x2  
  87  8:05  Siege Tank  
  87  8:06  Barracks Tech Lab  
  87  8:07  Orbital Command  
  87  8:08  Barracks Reactor, Barracks Tech Lab  
  87  8:11  Marine x3  
  93  8:15  Marauder x2  
  93  8:18  Marine  
  93  8:19  SCV x2  
  99  8:20  Terran Vehicle Weapons Level 1  
  91  8:28  Marine x2  
  91  8:33  Medivac  
  95  8:37  Marauder x2, Siege Tank  
  102  8:49  Orbital Command  
  102  8:54  Marine x2  
  102  8:55  Marauder x2, Supply Depot  
  108  8:58  Marauder x2  
  108  8:59  Factory  
  108  9:01  Marine x2  
  114  9:05  SCV x2  
  114  9:07  Medivac x2  
  114  9:09  Marine  
  124  9:10  Siege Tank  
  124  9:15  Supply Depot  
  124  9:16  Marauder x2, Supply Depot  
  128  9:19  Marauder  
  128  9:21  Marine, Marauder  
  133  9:32  SCV  
  133  9:33  SCV  
  133  9:34  SCV  
  133  9:36  Refinery  
  133  9:38  Refinery  
  136  9:43  Marine x2, Marauder  
  136  9:44  SCV  
  136  9:45  SCV, Medivac x2  
  146  9:46  SCV  
  147  9:57  SCV x2  
  147  9:58  Terran Infantry Weapons Level 3  
  147  9:59  SCV  
  150  10:09  SCV  
  149  10:20  Marine x2  
  149  10:21  Marine x2, Marauder x3, Medivac  
  151  10:22  Marine  
  151  10:26  Supply Depot  
  151  10:27  Supply Depot  
  151  10:28  Supply Depot  
  157  10:29  Supply Depot  
  157  10:43  Medivac  
  157  10:44  Marauder  
  118  10:57  Marine, Marauder x3  
  118  10:59  SCV x3  
  118  11:02  Marine x2  
  118  11:04  Siege Tank  
  129  11:05  Factory Tech Lab, Marauder  
  129  11:07  Marine  
  136  11:18  Marauder x2  
  136  11:19  Terran Infantry Armor Level 3  
  136  11:20  Marine, Command Center  
  136  11:21  Marine, Marauder  
  136  11:22  Medivac  
  136  11:23  Medivac  
  144  11:25  SCV  
  144  11:26  SCV  
  145  11:36  Siege Tank  
  98  11:56  Marine  
  98  11:57  Marine x2, Marauder x4  
  98  11:58  SCV x3  
  112  12:03  Siege Tank  
  115  12:10  SCV  
  115  12:12  SCV x2  
  113  12:42  Marine x3, Marauder x4  
  113  12:44  Siege Tank x2  
  125  13:05  Marine x2, Marauder x3  
  116  13:06  Marauder  
  116  13:12  Orbital Command  
  118  13:16  Marine  
  119  13:26  Marine x3, Marauder  
  119  13:27  Marauder x2  
  123  13:50  Siege Tank x2  
  123  13:51  Marine x3, Marauder  
  123  13:52  Marine, Marauder x3  
  141  14:07  Marine x2  
  141  14:09  Marine x2  
  145  14:13  Marauder x3  
  145  14:16  Marine x2, Marauder  
  148  14:30  Marine x2  
  150  14:32  Marine x2  
  150  14:34  Marine, Marauder x2  
  150  14:35  Marauder  
  150  14:38  Marauder  
  117  15:10  Marine x5  
  117  15:11  Marine, Marauder x4  
  120  15:20  Siege Tank  
  123  15:22  Unknown x3  
  123  15:28  Marine x4  
  125  15:32  Marauder x3  
  125  15:34  Marine x2  
  125  15:35  Marauder  
  127  15:46  Marine x3, Siege Tank  
  133  15:53  Marauder x2  
  133  15:54  Marauder  
  133  15:56  Marauder  
  141  15:58  Marine x3  
  144  16:11  Marine x2  
  146  16:12  Marine  
  146  16:13  Liberator  
  146  16:14  Medivac  
  146  16:15  Marauder x3  
  155  16:27  Siege Tank, Liberator  
  155  16:28  Siege Tank  
  137  16:58  Liberator  
  116  17:10  Liberator  
  116  17:14  Marine, Marauder  
  116  17:15  Marauder  
  124  17:27  Siege Tank  
  130  17:44  Marine x5, Marauder x2  
  132  17:45  Marine, Marauder  
Tags
 
Add a new tag
Caveats
  • Supply blocks, unpowered buildings, or Contaminate may cause inaccurate times.
  • Supply counts are checked every 10 seconds.